 Dungeon Crawl Stone Soup version 0.26-a0-712-ga5a9c9c9d0 (webtiles) character file.

Game seed: 14881180753224556156

189 Lanoc the Ruffian (level 5, -2/31 HPs)
             Began as a Gargoyle Transmuter on Nov 11, 2020.
             Hit by a stone thrown by an orc warrior (8 damage)
             ... on level 5 of the Dungeon.
             The game lasted 00:03:57 (3701 turns).

Lanoc the Ruffian (Gargoyle Transmuter)             Turns: 3701, Time: 00:03:57

Health: -2/31      AC:  6    Str: 13    XL:     5   Next: 68%
Magic:  7/8        EV: 12    Int: 21    God:
Gold:   153        SH:  0    Dex: 10    Spells: 5/8 levels left

rFire    . . .     SeeInvis .     - Unarmed
rCold    . . .     Faith    .   (no shield)
rNeg     + . .     Spirit   .   a - +0 robe
rPois    ∞         Reflect  .   (no helmet)
rElec    +         Harm     .   (no cloak)
rCorr    .         Rampage  .   (no gloves)
MR       .....                  (no boots)
Stlth    +.........             (no amulet)
HPRegen  0.10/turn              c - ring of wizardry
MPRegen  0.11/turn              q - +6 ring of intelligence (curse)

@: brilliant, wereblooded (expiring)
A: negative energy resistance 1, electricity resistance, unbreathing,
petrification resistance, rot immunity, AC +4
a: no special abilities


You were on level 5 of the Dungeon.
You visited 1 branch of the dungeon, and saw 5 of its levels.

You collected 153 gold pieces.

Inventory:

Armour
 a - a +0 robe (worn)
Jewellery
 c - a ring of wizardry (left hand)
 k - an uncursed ring of see invisible
 q - a cursed +6 ring of intelligence (right hand)
Wands
 r - a wand of flame (12)
 t - a wand of iceblast (9)
Scrolls
 d - 3 scrolls of remove curse {unknown}
 i - 2 scrolls of enchant armour {unknown}
 j - 4 scrolls of identify {unknown}
 m - a scroll of random uselessness {unknown}
 p - a scroll of teleportation {unknown}
Potions
 b - a potion of heal wounds {unknown}
 g - a potion of degeneration {unknown}
 h - a potion of stabbing {unknown}
 l - 2 potions of flight {unknown}
 n - a potion of ambrosia {unknown}
 o - a potion of might {unknown}
 s - a potion of mutation {unknown}


   Skills:
 + Level 2.7 Fighting
 + Level 2.4 Dodging
 * Level 4.5 Unarmed Combat
 - Level 2.0 Spellcasting
 + Level 2.4 Transmutations


You had 5 spell levels left.
You knew the following spells:

 Your Spells              Type           Power        Failure   Level
a - Beastly Appendage     Tmut           ###...       2%          1
b - Wereblood             Tmut           ###.....     3%          2

Your spell library contained the following spells:

 Spells                   Type           Power        Failure   Level
 Spider Form              Tmut/Pois      ##........   11%         3
 Ice Form                 Ice/Tmut       ##......     32%         4
 Blade Hands              Tmut           ###.......   50%         5


Dungeon Overview and Level Annotations

Branches:
Dungeon (5/15)
 Temple: D:4-7

Altars:
Ashenzari
Cheibriados
Zin


Innate Abilities, Weirdness & Mutations

You are resistant to torment.
Your stone body is resilient. (AC +4)
You are immune to poison.
You resist negative energy. (rN+)
You are resistant to electric shocks. (rElec)
You can survive without breathing.
You are immune to petrification.
You are immune to rotting.


Message History

The orc warrior hits you but does no damage.
You barely miss the orc warrior.
The orc warrior is lightly wounded.
The orc warrior hits you with a +0 hand axe!
The adder zombie closely misses you.
You hit the orc warrior but do no damage.
You headbutt the orc warrior, but do no damage.
The orc warrior is lightly wounded.
Your horns disappear.
Your talons disappear.
Your primal bloodlust is almost over.
The orc warrior hits you with a +0 hand axe.
The adder zombie bites you but does no damage.
The orc warrior throws a stone.
The stone closely misses you.
You howl as the wereblood boils in your veins!
The orc warrior throws a stone.
The stone hits you.
* * * LOW HITPOINT WARNING * * *
You see here a stone.
You howl as the wereblood boils in your veins!
The orc warrior throws a stone.
The stone hits you!
You die...

.............
.......
......######
.......
###..<#####
.......
..........#
.......
#########.#
###....... #†#
#..o...... #.#
####)(....#
#.#####..)......#
#[#...($@Z......+
#.#.###.........#
#.#.# #(..#######
#.#.# #####
##.#.# #..#.#
#.##.# #.##.#
#....#


You could see an orc warrior and an adder zombie.

Vanquished Creatures
  An orc wizard (D:5)
  9 adders
  A howler monkey skeleton (D:5)
  3 worms (D:2)
  A dart slug (D:1)
  A leopard gecko (D:1)
  An orc (D:5)
  A ball python (D:3)
  8 bats
  A giant cockroach (D:1)
  3 goblins
  10 hobgoblins
  5 jackals (D:1)
  2 quokkas (D:2)
  5 frilled lizards
  6 kobolds
  8 rats
66 creatures vanquished.

Vanquished Creatures (others)
  An orc wizard (D:5)
1 creature vanquished.

Grand Total: 67 creatures vanquished

Notes
Turn   | Place    | Note
-------+----------+-------------------------------------------
     0 | D:1      | Lanoc the Gargoyle Transmuter began the quest for the Orb.
     0 | D:1      | Reached XP level 1. HP: 12/12 MP: 3/3
   256 | D:1      | Reached XP level 2. HP: 9/16 MP: 5/5
   294 | D:1      | Learned a level 2 spell: Wereblood
   504 | D:1      | Found a broken altar of Ashenzari.
   779 | D:1      | You fall into a shaft and drop 1 floor!
   796 | D:2      | Reached XP level 3. HP: 8/21 MP: 3/6
  1665 | D:2      | Reached XP level 4. HP: 17/26 MP: 4/7
  1677 | D:2      | Reached skill level 4 in Unarmed Combat
  2030 | D:2      | Found a glowing silver altar of Zin.
  2073 | D:2      | Found a snail-covered altar of Cheibriados.
  2772 | D:3      | Reached XP level 5. HP: 29/31 MP: 5/8
  3370 | D:4      | Noticed an ogre
  3540 | D:4      | Noticed a phantom
  3550 | D:5      | Entered Level 5 of the Dungeon
  3685 | D:5      | Noticed an orc warrior
  3701 | D:5      | Hit by a stone thrown by an orc warrior

Illustrated notes

Levels and vault maps discovered:
D:1:      wheals_arrival_shading, layout_loops_ring, grunt_decor_one_mirror,
          hex_tiny, st_stairs_10, minmay_strange_pillars,
          minmay_stone_trees_small, hex_medium, nicolae_ashenzari_panopticon
D:2:      layout_basic, cheibriados_altar_1, zin_scriptorium
D:3:      layout_basic
D:4:      layout_gridville, makhleb_altar_promises_db,
          lemuel_zombie_altar_yredelemnul, nicolae_overflow_crystal_walls,
          minmay_temple_entry_tees, uniq_menkaure, uniq_edmund, uniq_pikel,
          uniq_eustachio
D:5:      layout_basic, kennysheep_mini_moat, vehumet_statue

Skill      XL: |  1  2  3  4 |
---------------+-------------+-----
Dodging        | 2 |  2.4
Transmutations | 2 |  2.4
Fighting       | 2 |  2.7
Unarmed Combat | 4 |  4.5
Spellcasting   | |  2.0

Action                   |  1- 3 |  4- 6 || total
-------------------------+-------+-------++-------
Melee: Unarmed           |   143 |   121 ||   264
       Kick              |    24 |    18 ||    42
       Headbutt          |    16 |    10 ||    26
       Punch             |     3 |     2 ||     5
 Cast: Beastly Appendage |    18 |    18 ||    36
       Wereblood         |     7 |     9 ||    16
  Use: Potion            |       |     3 ||     3
 Stab: Sleeping          |     1 |       ||     1
Armor: Robe              |    49 |    34 ||    83
Dodge: Dodged            |   140 |    73 ||   213

Table legend: (Time is in decaauts)
 A = Elapsed time spent in this place.
 B = Non-inter-level travel time spent in this place.
 C = Inter-level travel time spent in this place.
 D = Time resting spent in this place.
 E = Time spent auto-exploring this place.
 F = Levels seen in this place.
 G = Mean time per level.
                   A        B        C        D        E       F      G
               +--------+--------+--------+--------+--------+-----+--------+
         Total |   3679 |   3620 |     59 |      0 |   3077 |   5 |  735.8 |
       Dungeon |   3679 |   3620 |     59 |      0 |   3077 |   5 |  735.8 |
               +--------+--------+--------+--------+--------+-----+--------+

Top non-repeatable levels by time:
     D:1: 1296 daAuts
     D:2: 1082 daAuts
     D:3: 918 daAuts
     D:4: 232 daAuts
     D:5: 149 daAuts
